[Event "Team 45 45 League T93"]
[Site "Internet Chess Club"]
[Date "2022.07.23"]
[Round "2"]
[White "bardu"]
[Black "DaveTheRook"]
[Result "0-1"]
[WhiteElo "1242"]
[BlackElo "1386"]
[Opening "Queen's Indian: 4.Nc3"]
[ECO "E12"]
[Time "21:01:51"]
[PlyCount "52"]
[TimeControl "2700+45"]

1. d4 Nf6 2. c4 e6 3. Nc3 b6 4. Nf3 Bb7 5. e3 Be7 6. Be2 O-O 7. O-O d5 8. b4
Bxb4 9. Bb2 Bxc3 10. Bxc3 Nbd7 11. Rb1 dxc4 12. Bxc4 Bd5 13. Bb3 Bxb3 14. Rxb3
Nd5 15. Bb2 Re8 16. Qc2 N7f6 17. Rc1 Rc8 18. Qc6 a5 19. a4 Nb4 20. Qb5 Qd5 21.
Qxd5 Nbxd5 22. Ne5 c5 23. dxc5 Rxc5 24. Nc4 Rec8 25. Bxf6 gxf6 26. e4 Rxc4
{White forfeits on time} 0-1

[Event "Team 45 45 League T93"]
[Site "Internet Chess Club"]
[Date "2022.07.25"]
[Round "2"]
[White "rhayder"]
[Black "tamky70"]
[Result "1-0"]
[WhiteElo "1043"]
[BlackElo "1238"]
[Opening "Robatsch defense"]
[ECO "B06"]
[Time "15:17:14"]
[PlyCount "123"]
[TimeControl "2700+45"]

1. e4 g6 2. d4 Bg7 3. Nc3 a6 4. Be3 e6 5. Qd2 d6 6. O-O-O Ne7 7. Bh6 O-O 8. Bxg7
Kxg7 9. e5 d5 10. Nh3 Nbc6 11. Qg5 Nf5 12. Bd3 Qxg5+ 13. Nxg5 Nfxd4 14. Rhe1 Nb4
15. h4 Nxd3+ 16. Rxd3 Nc6 17. g4 Bd7 18. h5 Ne7 19. hxg6 hxg6 20. Rh1 Rh8 21.
Rdh3 Rxh3 22. Rxh3 Rh8 23. Rxh8 Kxh8 24. Nxf7+ Kg7 25. Ng5 c5 26. Ne2 Nc6 27. f4
Nd8 28. Nc3 Nf7 29. Nxf7 Kxf7 30. Ne2 Bb5 31. Nc3 Bc6 32. Nb1 b5 33. Nd2 d4 34.
Nb3 Bf3 35. g5 c4 36. Nxd4 Bd5 37. Kd2 b4 38. c3 b3 39. axb3 cxb3 40. Kd3 a5 41.
c4 Bg2 42. c5 Ke7 43. Nxb3 a4 44. Na5 Kd7 45. c6+ Kc7 46. Kd4 Kb6 47. c7 Kxc7
48. Kc5 Kd7 49. Kb4 Bd5 50. Kxa4 Kc7 51. Kb5 Be4 52. Kc5 Kd7 53. b4 Bf5 54. b5
Kc7 55. b6+ Kb8 56. Kc6 Be4+ 57. Kd6 Bf5 58. Nc6+ Kb7 59. Kc5 Be4 60. Nd8+ Kc8
61. Nxe6 Kd7 62. Nf8+ {Black resigns} 1-0

[Event "Team 45 45 League T93"]
[Site "Internet Chess Club"]
[Date "2022.07.24"]
[Round "2"]
[White "mongmong"]
[Black "fvafier"]
[Result "0-1"]
[WhiteElo "1487"]
[BlackElo "1497"]
[Opening "Queen's pawn game"]
[ECO "D02"]
[Time "11:00:09"]
[PlyCount "112"]
[TimeControl "2700+45"]

1. d4 d5 2. Nf3 e6 3. e3 Nd7 4. Bd3 Ngf6 5. Nbd2 b6 6. Qe2 a6 7. e4 dxe4 8. Nxe4
Bb7 9. Nxf6+ Nxf6 10. c3 Bd6 11. O-O O-O 12. Bg5 h6 13. Bh4 Re8 14. Ne5 Be7 15.
Rfe1 Rf8 16. h3 Nd5 17. Bg3 Bd6 18. Qe4 f5 19. Qe2 Qc8 20. Qh5 Bxe5 21. Bxe5 Qd7
22. f4 Qf7 23. Qf3 c5 24. Qf2 Nf6 25. Bxf6 Qxf6 26. dxc5 b5 27. Re5 Rad8 28. Bc2
Bd5 29. Rae1 Kf7 30. b3 g5 31. Kh2 gxf4 32. Qxf4 Qg5 33. Qxg5 hxg5 34. R1e2 Rc8
35. c4 bxc4 36. bxc4 Bxc4 37. Rd2 Kf6 38. Re1 Rxc5 39. Bb3 Bd5 40. Red1 Bxb3 41.
axb3 Rb8 42. Rd6 a5 43. Re1 Re5 44. Rxe5 Kxe5 45. Ra6 Rb5 46. Kg1 Kd5 47. Ra8 f4
48. Rd8+ Kc5 49. Re8 Kb4 50. Rxe6 Kxb3 51. Kf2 a4 52. Re1 Ra5 53. Rb1+ Kc2 54.
Re1 a3 55. Re2+ Kb3 56. Re1 a2 {White resigns} 0-1

[Event "Team 45 45 League T93"]
[Site "Internet Chess Club"]
[Date "2022.07.24"]
[Round "2"]
[White "Denis240964"]
[Black "julesraider"]
[Result "1/2-1/2"]
[WhiteElo "1413"]
[BlackElo "1609"]
[Opening "Caro-Kann: exchange variation"]
[ECO "B13"]
[Time "14:00:21"]
[PlyCount "118"]
[TimeControl "2700+45"]

1. e4 c6 2. d4 d5 3. exd5 cxd5 4. Nd2 Nf6 5. Ngf3 Bg4 6. c3 Nc6 7. Bd3 a6 8. O-O
e6 9. Re1 Bd6 10. Nf1 O-O 11. Bg5 Rc8 12. Bh4 b5 13. Bg3 Be7 14. h3 Bh5 15. Re3
b4 16. Bxa6 Rb8 17. Bxb8 Qxb8 18. Ng3 Bxf3 19. Rxf3 Qb6 20. Qe2 bxc3 21. bxc3
Ra8 22. Bb5 Ra3 23. Bxc6 Qxc6 24. Qb2 Qc4 25. Re3 h5 26. f3 Bd6 27. Ne2 h4 28.
Nc1 Nh5 29. Nb3 Ng3 30. Kf2 Nf5 31. Nd2 Bg3+ 32. Kg1 Qa6 33. Re5 Bxe5 34. dxe5
Qa7+ 35. Kh2 Ne3 36. Nb1 Nc4 37. Qc2 Ra5 38. Qe2 Ra4 39. f4 d4 40. Qd3 Nb2 41.
Qc2 Rxa2 42. Rxa2 Qxa2 43. cxd4 Qa1 44. Nc3 Qa3 45. Ne2 Nd3 46. Qd2 Qb3 47. Qe3
Qd1 48. Qf3 Qd2 49. Kg1 Qe1+ 50. Qf1 Qd2 51. Kh2 Qe3 52. Qf3 Qd2 53. Qf1 g6 54.
Qf3 Ne1 55. Qf2 Nd3 56. Qf3 Qd1 57. Qe3 Kg7 58. Qf3 Qd2 59. Qf1 Qe3 {Game drawn
by mutual agreement} 1/2-1/2

[Event "Team 45 45 League T93"]
[Site "Internet Chess Club"]
[Date "2022.07.22"]
[Round "2"]
[White "Toalla"]
[Black "ChessG2011"]
[Result "0-1"]
[WhiteElo "1227"]
[BlackElo "1503"]
[Opening "King's Indian defense"]
[ECO "E60"]
[Time "16:00:50"]
[PlyCount "108"]
[TimeControl "2700+45"]

1. d4 Nf6 2. c4 g6 3. Bf4 Bg7 4. e3 O-O 5. Bd3 d5 6. Nc3 c6 7. c5 Nbd7 8. Nge2
Nh5 9. O-O Nxf4 10. Nxf4 Nf6 11. Qc2 Qc7 12. h3 Bh6 13. Rae1 Re8 14. Nce2 Bg7
15. Ng3 Bh6 16. Nge2 Bd7 17. b4 Qc8 18. f3 Qc7 19. g4 Kh8 20. Kh1 Bg7 21. Rg1
Bc8 22. Ng3 g5 23. Nf5 gxf4 24. Nxg7 Kxg7 25. exf4 Qxf4 26. Qf2 e6 27. g5 Nd7
28. Rg4 Qc7 29. Qh4 Rh8 30. Qh6+ Kg8 31. Rh4 Nf8 32. f4 Ng6 33. Bxg6 fxg6 34.
Re5 Qg7 35. Kg2 Qxh6 36. Rxh6 Kf7 37. Kf2 b6 38. a3 bxc5 39. bxc5 Rb8 40. Re2
Rb3 41. Re3 Rb5 42. Rh4 Ba6 43. Rg4 Rb2+ 44. Ke1 Rb1+ 45. Kf2 Rd1 46. Rb3 Rxd4
47. Ke3 Rc4 48. f5 Rxg4 49. fxe6+ Kxe6 50. hxg4 Rf8 51. a4 Rf1 52. a5 Rc1 53.
Kd4 Rc4+ 54. Ke3 Rxc5 {White resigns} 0-1

[Event "Team 45 45 League T93"]
[Site "Internet Chess Club"]
[Date "2022.07.24"]
[Round "2"]
[White "fhunfi"]
[Black "Gojira"]
[Result "0-1"]
[WhiteElo "1714"]
[BlackElo "1540"]
[Opening "Sicilian: Hungarian variation"]
[ECO "B34"]
[Time "17:45:54"]
[PlyCount "110"]
[TimeControl "2700+45"]

1. e4 c5 2. Nf3 g6 3. d4 cxd4 4. Nxd4 Nc6 5. Nb3 Bg7 6. Nc3 Nf6 7. Be2 O-O 8.
Be3 a5 9. a4 Nb4 10. e5 Ne8 11. f4 f6 12. exf6 Nxf6 13. O-O d5 14. Nd4 e6 15.
Ncb5 Bd7 16. c3 Nc6 17. Nf3 Ng4 18. Bc5 Rxf4 19. h3 Nge5 20. g3 Nxf3+ 21. Bxf3
Rf6 22. Qe2 Ne5 23. Bg2 Rxf1+ 24. Rxf1 Rc8 25. Bd4 Nf7 26. Qf2 Bxd4 27. cxd4 Qe7
28. Qxf7+ Qxf7 29. Rxf7 Kxf7 30. Nd6+ Ke7 31. Nxc8+ Bxc8 32. Kf2 Kd6 33. Ke3 e5
34. Bf1 g5 35. h4 gxh4 36. gxh4 Bf5 37. Be2 Bc2 38. Bb5 Bf5 39. Be2 Bd7 40. b3
Bf5 41. Bd1 b6 42. dxe5+ Kxe5 43. Kd2 d4 44. Be2 Kd5 45. Bc4+ Kc5 46. Bf7 Kb4
47. Bg8 h6 48. Bf7 Bb1 49. Kc1 Be4 50. Kd2 Ka3 51. Kc1 Kb4 52. Kd2 Kc5 53. Bh5
Bd5 54. Bd1 Kb4 55. Kd3 Bxb3 {White resigns} 0-1

[Event "Team 45 45 League T93"]
[Site "Internet Chess Club"]
[Date "2022.07.20"]
[Round "2"]
[White "Rookmaster"]
[Black "fireball"]
[Result "1-0"]
[WhiteElo "1505"]
[BlackElo "1532"]
[Opening "French: Two knights variation"]
[ECO "C00"]
[Time "18:01:24"]
[PlyCount "105"]
[TimeControl "2700+45"]

1. e4 e6 2. Nf3 d5 3. Nc3 Nf6 4. e5 Nfd7 5. d4 c5 6. dxc5 Bxc5 7. Bd3 Nc6 8. Bf4
Bb4 9. O-O Bxc3 10. bxc3 O-O 11. Bxh7+ Kh8 12. Ng5 g6 13. Bxg6 fxg6 14. Qg4
Ndxe5 15. Bxe5+ Nxe5 16. Qh4+ Kg7 17. Qh7+ Kf6 18. Qh4 Ke7 19. Nh7+ Kd6 20. Qb4+
Kd7 21. Nxf8+ Kc7 22. Rab1 Nc6 23. Qf4+ e5 24. Qf7+ Qe7 25. Qxe7+ Nxe7 26. Rfe1
Kd6 27. Nh7 b6 28. Ng5 Bf5 29. Nf7+ Ke6 30. Nxe5 Kf6 31. Nd3 Rc8 32. Nf4 Bxc2
33. Rbc1 Bf5 34. f3 Rc4 35. g3 g5 36. Ng2 Ra4 37. Re2 Bd3 38. Rd2 Bc4 39. Rcc2
Ra5 40. Ne3 Ke6 41. Nxc4 dxc4 42. Re2+ Kf6 43. Re4 Rc5 44. Rce2 Nc6 45. Kf2 Ne5
46. Rxe5 Rxe5 47. Rxe5 Kxe5 48. Ke3 a5 49. a4 Kd5 50. h4 gxh4 51. gxh4 b5 52.
axb5 a4 53. Kd2 {Black resigns} 1-0

[Event "Team 45 45 League T93"]
[Site "Internet Chess Club"]
[Date "2022.07.20"]
[Round "2"]
[White "vollmerj"]
[Black "blind-warrior"]
[Result "1/2-1/2"]
[WhiteElo "1493"]
[BlackElo "1317"]
[Opening "Réti opening"]
[ECO "A04"]
[Time "20:00:24"]
[PlyCount "69"]
[TimeControl "2700+45"]

1. Nf3 c5 2. g3 Nc6 3. Bg2 Nf6 4. d4 cxd4 5. Nxd4 Nxd4 6. Qxd4 d5 7. O-O e6 8.
c4 Be7 9. cxd5 O-O 10. Nc3 Nxd5 11. Nxd5 exd5 12. Qxd5 Qb6 13. e4 Rd8 14. Qc4
Be6 15. Qe2 Rac8 16. Be3 Bc5 17. Bxc5 Qxc5 18. Rfd1 Rxd1+ 19. Qxd1 Qg5 20. b3
Rd8 21. Qe1 Qd2 22. Qxd2 Rxd2 23. Bf3 g6 24. Kf1 h5 25. Ke1 Rc2 26. Bd1 Rb2 27.
h4 Bg4 28. Bxg4 hxg4 29. Kf1 Kf8 30. Rc1 Rxa2 31. Rc7 b5 32. Rc8+ Ke7 33. Rc7+
Ke8 34. Rb7 a6 35. Rb6 {Game drawn by mutual agreement} 1/2-1/2

[Event "Team 45 45 League T93"]
[Site "Internet Chess Club"]
[Date "2022.07.23"]
[Round "2"]
[White "CMAlge"]
[Black "smsxman"]
[Result "0-1"]
[WhiteElo "1223"]
[BlackElo "1428"]
[Opening "KP: Nimzovich defense, Bogolyubov variation"]
[ECO "D00"]
[Time "10:01:29"]
[PlyCount "120"]
[TimeControl "2700+45"]

1. d4 d5 2. Nc3 Nc6 3. e4 dxe4 4. Nxe4 e6 5. Nf3 a6 6. Be2 Be7 7. O-O Bd7 8. d5
exd5 9. Qxd5 Nf6 10. Nxf6+ Bxf6 11. Bg5 Be6 12. Qxd8+ Bxd8 13. Bxd8 Nxd8 14.
Rad1 O-O 15. Rd2 Nc6 16. Rfd1 b5 17. Nd4 Nxd4 18. Rxd4 Rab8 19. Bd3 g6 20. f3
Rb6 21. a3 c5 22. Re4 c4 23. Bf1 Rc8 24. Red4 Kg7 25. c3 a5 26. Rd6 Rcb8 27.
Rxb6 Rxb6 28. Rd4 h5 29. h4 f5 30. f4 Kf6 31. g3 a4 32. Kf2 Bf7 33. Bg2 Ke7 34.
Bf3 Be6 35. Bg2 Kf6 36. Bf3 Rb8 37. Bg2 Rc8 38. Rd6 Rc5 39. Rb6 Ke7 40. Bc6 Bd7
41. Bxd7 Kxd7 42. Rxg6 Rc6 43. Rg5 Rd6 44. Ke2 Rd3 45. Rxf5 Rxg3 46. Rxh5 Rg2+
47. Ke3 Rxb2 48. Rd5+ Ke6 49. Rc5 Rb3 50. h5 Rxc3+ 51. Ke4 Kd6 52. Rxb5 Rxa3 53.
Kd4 Rb3 54. Rd5+ Kc6 55. Rc5+ Kb6 56. Kxc4 Rf3 57. Rb5+ Ka6 58. f5 Rf4+ 59. Kd3
Kxb5 60. h6 Rxf5 {White resigns} 0-1

[Event "Team 45 45 League T93"]
[Site "Internet Chess Club"]
[Date "2022.07.23"]
[Round "2"]
[White "AlWynJones"]
[Black "mongmong"]
[Result "1-0"]
[WhiteElo "1457"]
[BlackElo "1496"]
[Opening "English: Mikenas-Carls, Sicilian variation"]
[ECO "A19"]
[Time "10:00:35"]
[PlyCount "51"]
[TimeControl "2700+45"]

1. c4 e6 2. Nc3 Nf6 3. e4 c5 4. e5 Ng8 5. Nf3 Nc6 6. d4 cxd4 7. Nxd4 Nxe5 8.
Ndb5 f6 9. Bf4 a6 10. Nd6+ Bxd6 11. Qxd6 Nf7 12. Qa3 Ne7 13. Nb5 d6 14. Nxd6+
Nxd6 15. Bxd6 Kf7 16. O-O-O Re8 17. c5 Nc6 18. Bc4 Qa5 19. Qf3 g6 20. h4 Qb4 21.
Bb3 Nd4 22. Rxd4 Qxd4 23. h5 Kg7 24. hxg6 hxg6 25. Qh3 f5 26. f4 {Black resigns}
1-0

[Event "Team 45 45 League T93"]
[Site "Internet Chess Club"]
[Date "2022.07.22"]
[Round "2"]
[White "Kingofknights"]
[Black "jcule"]
[Result "1-0"]
[WhiteElo "1471"]
[BlackElo "1319"]
[Opening "QGD: 6.Nf3"]
[ECO "D55"]
[Time "16:00:47"]
[PlyCount "97"]
[TimeControl "2700+45"]

1. d4 d5 2. c4 e6 3. Nc3 Nf6 4. Bg5 Be7 5. e3 O-O 6. Nf3 Re8 7. cxd5 exd5 8. h3
Bf5 9. Qb3 b6 10. Bxf6 Bxf6 11. Qxd5 Qxd5 12. Nxd5 Bd8 13. Rc1 c6 14. Nb4 Be4
15. Be2 a5 16. Nd3 Nd7 17. O-O Rc8 18. Nfe5 Nxe5 19. Nxe5 c5 20. Bb5 Re7 21.
Rfd1 f6 22. Bc4+ Kf8 23. Ba6 Ra8 24. Bd3 Bxd3 25. Nxd3 cxd4 26. exd4 Rd7 27. Nf4
g5 28. Ne2 Be7 29. a4 Rad8 30. Rc6 Rd6 31. Rdc1 Rxc6 32. Rxc6 Rd6 33. Rxd6 Bxd6
34. Nc3 Be7 35. Kf1 Kf7 36. Ke2 Ke6 37. Kd3 Kd6 38. Kc4 Bd8 39. Kb5 f5 40. f3 h5
41. g4 hxg4 42. hxg4 fxg4 43. fxg4 Ke6 44. Kc6 Bf6 45. d5+ Ke7 46. Ne4 Bxb2 47.
Nxg5 Bd4 48. d6+ Kd8 49. Ne6+ {Black resigns} 1-0

[Event "Team 45 45 League T93"]
[Site "Internet Chess Club"]
[Date "2022.07.21"]
[Round "2"]
[White "Fulmar"]
[Black "seattleblues"]
[Result "0-1"]
[WhiteElo "1249"]
[BlackElo "1272"]
[Opening "Caro-Kann: exchange, Rubinstein variation"]
[ECO "B13"]
[Time "11:30:21"]
[PlyCount "66"]
[TimeControl "2700+45"]

1. e4 c6 2. d4 d5 3. exd5 cxd5 4. Bd3 Nc6 5. c3 Nf6 6. Bf4 Qb6 7. Qc2 Bg4 8. Nd2
e6 9. Ngf3 Rc8 10. a3 Be7 11. O-O Bh5 12. Rfe1 Bg6 13. Bxg6 hxg6 14. Qb3 Qa6 15.
Qc2 Na5 16. b3 Qc6 17. Rec1 b6 18. Ne5 Qb7 19. f3 Nh5 20. Be3 Bd6 21. f4 Nc6 22.
Ndf3 Nf6 23. h3 Ne4 24. Qd3 Na5 25. Bd2 Nxb3 26. Qb5+ Ke7 27. Qxb3 Bxe5 28. Nxe5
Nxd2 29. Qd1 Ne4 30. Qb3 Qc7 31. Qb5 Qd6 32. g4 Nxc3 33. Kf2 Nxb5 {White
resigns} 0-1

[Event "Team 45 45 League T93"]
[Site "Internet Chess Club"]
[Date "2022.07.25"]
[Round "2"]
[White "WzeroMN"]
[Black "woofgang"]
[Result "0-1"]
[WhiteElo "998"]
[BlackElo "1183"]
[Opening "Caro-Kann: advance variation"]
[ECO "B12"]
[Time "14:00:21"]
[PlyCount "70"]
[TimeControl "2700+45"]

1. e4 c6 2. d4 d5 3. e5 g6 4. h3 Bg7 5. Nf3 Bf5 6. Bd3 Bxd3 7. Qxd3 e6 8. O-O h6
9. Nc3 Ne7 10. b3 O-O 11. Ba3 Re8 12. Rfe1 b5 13. Bd6 Nf5 14. Ne2 Nxd6 15. exd6
Qxd6 16. Qe3 Nd7 17. Qf4 Qxf4 18. Nxf4 c5 19. c3 cxd4 20. cxd4 Nf6 21. Rac1 Ne4
22. Ne5 Rac8 23. Rxc8 Rxc8 24. Nfd3 Rc2 25. f3 Nd6 26. a3 Rc3 27. Rc1 Rxb3 28.
Rc6 Nc4 29. Nxc4 bxc4 30. Rc8+ Kh7 31. Ne5 Bxe5 32. dxe5 Rxa3 33. Rc7 Kg7 34.
Kh2 c3 35. h4 d4 {White resigns} 0-1

[Event "Team 45 45 League T93"]
[Site "Internet Chess Club"]
[Date "2022.07.23"]
[Round "2"]
[White "julesraider"]
[Black "WillC"]
[Result "1/2-1/2"]
[WhiteElo "1618"]
[BlackElo "1557"]
[Opening "Dutch: Leningrad, main variation with c6"]
[ECO "A88"]
[Time "17:30:40"]
[PlyCount "129"]
[TimeControl "2700+45"]

1. d4 f5 2. g3 Nf6 3. Bg2 g6 4. c4 c6 5. Nc3 Bg7 6. Nf3 O-O 7. O-O d6 8. Bf4 e6
9. Qd2 Qe7 10. Rad1 Nbd7 11. d5 cxd5 12. cxd5 e5 13. Bg5 a6 14. Rc1 Qf7 15. b4
Nb6 16. Nh4 Nc4 17. Qd3 b5 18. e4 h6 19. Be3 f4 20. gxf4 exf4 21. Bd4 g5 22. Nf3
Qh5 23. Ne2 Bh3 24. Bxf6 Bxg2 25. Kxg2 Bxf6 26. h3 Ne5 27. Nxe5 Bxe5 28. f3 Rf7
29. Rc6 Qh4 30. Rfc1 h5 31. Rc8+ Rxc8 32. Rxc8+ Kg7 33. Ng1 g4 34. hxg4 hxg4 35.
Rc2 g3 36. Nh3 Qd8 37. Rc1 Rc7 38. Rc6 Qc8 39. Qc2 Rxc6 40. dxc6 Qc7 41. Ng5 Kf6
42. Nh3 Kg6 43. a3 Kf6 44. a4 Ke7 45. a5 Kf6 46. Qc1 Ke7 47. Ng5 Kf6 48. Nh3 Kg6
49. Nxf4+ Bxf4 50. Qxf4 Qxc6 51. Kxg3 Qc7 52. Qf5+ Kg7 53. f4 Qc3+ 54. Kg4 Qxb4
55. Qd7+ Kg8 56. Qd8+ Kg7 57. f5 Qxe4+ 58. Kg5 Qg2+ 59. Kf4 Qd2+ 60. Kg4 Qd4+
61. Kg5 Qe3+ 62. Kg4 Qe4+ 63. Kg5 Qe3+ 64. Kg4 Qe4+ 65. Kg5 {Game drawn by
repetition} 1/2-1/2

[Event "Team 45 45 League T93"]
[Site "Internet Chess Club"]
[Date "2022.07.23"]
[Round "2"]
[White "sdcohle"]
[Black "xingon"]
[Result "1-0"]
[WhiteElo "1364"]
[BlackElo "1290"]
[Opening "Sicilian defense"]
[ECO "B20"]
[Time "21:01:00"]
[PlyCount "91"]
[TimeControl "2700+45"]

1. e4 c5 2. c4 Nc6 3. g3 Nf6 4. Bg2 e5 5. Nc3 Be7 6. Nge2 d6 7. O-O Be6 8. Nd5
Qd7 9. Nec3 a6 10. Nb6 Qd8 11. Nxa8 Qxa8 12. Nd5 Qc8 13. d3 Bh3 14. Nxe7 Nxe7
15. Bg5 Bxg2 16. Kxg2 Qe6 17. Qf3 Nd7 18. Bxe7 Qxe7 19. Qe3 Nb8 20. f4 Nc6 21.
fxe5 Qxe5 22. Qf3 O-O 23. b3 Nb4 24. a3 Nc2 25. Ra2 Nd4 26. Qf4 Qxf4 27. Rxf4
Nxb3 28. Rb2 Nd4 29. Rxb7 a5 30. a4 Rd8 31. Rfxf7 Ne6 32. Rfe7 Nf8 33. Rxg7+ Kh8
34. Ra7 Rb8 35. Rgb7 Rxb7 36. Rxb7 Ne6 37. Rb5 Nd4 38. Rxa5 Kg8 39. Ra6 Kf8 40.
Rxd6 Ke7 41. Rxd4 cxd4 42. a5 Kd7 43. c5 Kc6 44. e5 Kb5 45. e6 Kxc5 46. e7
{Black resigns} 1-0

[Event "Team 45 45 League T93"]
[Site "Internet Chess Club"]
[Date "2022.07.22"]
[Round "2"]
[White "Balderdash"]
[Black "Tjet"]
[Result "0-1"]
[WhiteElo "1177"]
[BlackElo "1257"]
[Opening "King's pawn opening"]
[ECO "B07"]
[Time "21:01:16"]
[PlyCount "98"]
[TimeControl "2700+45"]

1. e4 d6 2. Nf3 c6 3. Nc3 Bg4 4. Be2 g6 5. h3 Bxf3 6. Bxf3 Bg7 7. d4 e6 8. h4
Qb6 9. Na4 Qxd4 10. Qxd4 Bxd4 11. c3 Bg7 12. Bd2 b5 13. b3 bxa4 14. bxa4 Nd7 15.
e5 d5 16. Bg5 Bxe5 17. Rc1 Rb8 18. O-O f6 19. Be3 a6 20. Be2 Ne7 21. f4 Bd6 22.
Ba7 Bc5+ 23. Bxc5 Nxc5 24. Rb1 O-O 25. Rbd1 Rb2 26. Rf2 Rfb8 27. Rdf1 Ne4 28.
Bd3 Nxf2 29. Rxf2 Rxf2 30. Kxf2 Rb2+ 31. Kf3 a5 32. g4 Rxa2 33. f5 e5 34. Bb1
Rxa4 35. fxg6 hxg6 36. Kg3 Ra3 37. h5 Rxc3+ 38. Kh2 gxh5 39. gxh5 a4 40. h6 e4
41. Kg2 Nf5 42. h7+ Kxh7 43. Kf2 Nd4 44. Kg2 Kh6 45. Kh2 Kg5 46. Kg2 Kf4 47. Kh2
Rg3 48. Ba2 Nf3+ 49. Kh1 Rg1# {White checkmated} 0-1

[Event "Team 45 45 League T93"]
[Site "Internet Chess Club"]
[Date "2022.07.24"]
[Round "2"]
[White "pandaknight"]
[Black "oldbookseller"]
[Result "1-0"]
[WhiteElo "955"]
[BlackElo "1101"]
[Opening "Queen's pawn game"]
[ECO "E20"]
[Time "09:00:20"]
[PlyCount "47"]
[TimeControl "2700+45"]

1. c4 Nf6 2. d4 e6 3. Nc3 Be7 4. e4 c5 5. d5 d6 6. Nf3 h6 7. h3 O-O 8. Bd3 Nbd7
9. O-O b6 10. a4 Bb7 11. Qb3 e5 12. a5 Nh5 13. Re1 Nf4 14. Bxf4 exf4 15. e5 Bc8
16. axb6 Bh4 17. Rxa7 Rb8 18. b7 dxe5 19. Nxh4 Qxh4 20. bxc8=Q f3 21. Qbxb8
Qxf2+ 22. Kxf2 Nxb8 23. Qxf8+ Kxf8 24. Ra8 {Black resigns} 1-0